Map: Acropolis LE

Players

Smeeeger

  • Race: Zerg Zerg
  • League: Platinum
  • Spawn Location: 5:00

thesextoy - Winner!

  • Race: Protoss Protoss
  • League: Platinum
  • Spawn Location: 11:00

VOD

Have the link to the VOD?

Description

Time

  • Played on: July 19, 2019, 11:59 a.m.
  • Length: 17:06
Show
View Real Time Build Order
Export as new Build Order

Smeeeger Zerg 

Build Orders: Hatch First 

Get SALT Encoding   

  12  0:01  Drone  
  13  0:19  Overlord  
  13  0:20  Drone  
  14  0:38  Drone x2  
  14  0:42  Drone  
  17  0:53  Drone  
  18  1:06  Drone, Extractor  
  18  1:10  Hatchery  
  17  1:21  Spawning Pool  
  17  1:22  Drone  
  17  1:30  Drone  
  18  1:40  Drone  
  19  1:50  Overlord  
  19  2:09  Queen  
  19  2:12  Zergling x4  
  23  2:21  Drone  
  24  2:23  Queen  
  24  2:25  Metabolic Boost  
  26  2:34  Zergling x6  
  29  2:47  Drone, Overlord  
  30  2:52  Hatchery  
  29  2:59  Queen  
  29  3:04  Drone  
  29  3:05  Drone x2  
  34  3:10  Overlord  
  34  3:18  Drone  
  34  3:19  Drone  
  36  3:26  Drone  
  37  3:32  Drone x3  
  40  3:35  Drone  
  40  3:39  Queen  
  40  3:40  Drone  
  44  3:46  Drone x2  
  46  3:56  Zergling x6  
  46  3:57  Zergling x2  
  50  4:05  Drone x3  
  50  4:07  Spine Crawler  
  50  4:08  Queen  
  54  4:11  Overlord  
  54  4:22  Overlord  
  54  4:27  Drone  
  54  4:28  Drone x3  
  59  4:31  Drone x3  
  59  4:32  Drone x2  
  59  4:35  Overlord  
  63  4:42  Lair  
  63  4:51  Roach Warren, Evolution Chamber  
  61  4:53  Drone x2, Evolution Chamber  
  62  5:00  Drone x2  
  62  5:01  Drone x2, Extractor  
  62  5:02  Drone  
  62  5:03  Drone, Extractor  
  62  5:04  Drone  
  67  5:18  Spore Crawler  
  67  5:20  Spore Crawler  
  67  5:21  Spore Crawler  
  64  5:23  Drone x2  
  66  5:29  Zerg Ground Armor Level 1, Zerg Missile Weapons Level 1  
  66  5:30  Drone x3  
  66  5:34  Zergling x6  
  72  5:38  Overlord x2  
  72  5:39  Baneling Nest, Overlord  
  72  5:42  Drone x2  
  73  5:47  Extractor  
  72  5:55  Extractor  
  71  5:57  Drone x3  
  74  6:07  Drone x2  
  74  6:08  Drone  
  77  6:13  Queen  
  79  6:20  Glial Reconstitution  
  79  6:22  Roach x9  
  97  6:37  Centrifical Hooks  
  97  6:39  Baneling x2  
  97  6:41  Baneling  
  97  6:42  Overlord  
  97  6:43  Overlord x4  
  97  6:47  Drone  
  97  6:48  Extractor  
  97  6:49  Drone  
  98  7:01  Roach  
  98  7:02  Roach x8  
  98  7:07  Overseer  
  116  7:08  Pneumatized Carapace  
  116  7:26  Zerg Missile Weapons Level 2  
  116  7:41  Roach x11  
  138  7:46  Hatchery  
  137  7:52  Zerg Ground Armor Level 2  
  137  8:00  Overlord x2  
  137  8:01  Overlord x3  
  137  8:17  Baneling x3  
  137  8:18  Baneling x5  
  137  8:19  Baneling x2  
  122  8:57  Spore Crawler  
  122  8:58  Spore Crawler x3  
  122  9:00  Spore Crawler  
  122  9:01  Spore Crawler  
  96  9:03  Hydralisk Den  
  96  9:04  Spore Crawler  
  96  9:07  Drone x2  
  96  9:08  Drone x4  
  96  9:09  Spore Crawler  
  64  9:30  Queen  
  64  9:31  Drone x5  
  69  9:33  Hatchery, Muscular Augments  
  69  9:34  Hydralisk x10  
  69  9:35  Hydralisk x3  
  69  9:37  Hydralisk  
  98  9:51  Zerg Melee Weapons Level 1  
  98  9:53  Hydralisk x4  
  98  9:55  Zergling x4  
  98  9:56  Zergling x2  
  109  10:00  Drone x3  
  109  10:02  Drone  
  109  10:03  Drone  
  109  10:04  Drone  
  109  10:05  Drone  
  116  10:10  Drone x3  
  119  10:20  Drone  
  119  10:21  Drone x7  
  124  10:23  Zergling x4  
  124  10:24  Zergling x2  
  130  10:44  Grooved Spines  
  130  10:48  Extractor  
  129  10:50  Extractor  
  128  11:06  Baneling  
  128  11:07  Baneling x11  
  129  11:11  Zergling x18  
  129  11:12  Zergling x28  
  129  11:17  Drone x2  
  129  11:18  Drone x4  
  123  11:41  Hydralisk x14  
  143  11:47  Hydralisk x7  
  143  11:48  Hydralisk  
  143  11:53  Queen  
  161  12:04  Zerg Melee Weapons Level 2  
  161  12:16  Hydralisk x8  
  161  12:18  Hydralisk  
  179  12:29  Infestation Pit  
  178  12:31  Hatchery  
  178  12:33  Extractor  
  178  12:34  Extractor  
  175  12:38  Overlord x3  
  175  12:41  Hydralisk x3  
  181  12:44  Overlord x3  
  181  12:46  Overseer, Overlord  
  181  13:04  Spire  
  180  13:06  Spore Crawler  
  180  13:07  Hive  
  180  13:08  Neural Parasite  
  180  13:09  Spore Crawler x2  
  180  13:10  Infestor x3  
  183  13:25  Baneling x10  
  183  13:26  Baneling x3  
  183  13:27  Baneling x3  
  183  13:31  Infestor x2  
  187  13:37  Drone x3  
  187  13:38  Drone x3  
  193  13:43  Drone x2  
  193  13:45  Hydralisk x2  
  199  14:19  Greater Spire  
  199  14:40  Adrenal Glands  
  183  15:04  Overseer x5  
  183  15:06  Hydralisk  
  181  15:07  Hydralisk x8  
  199  15:17  Burrow  
  139  16:06  Hydralisk  
  139  16:07  Hydralisk x21  
  139  16:08  Hydralisk x16  
  139  16:10  Hydralisk  
  172  16:12  Hydralisk  
  172  16:14  Hydralisk  
  176  16:33  Hydralisk x7  
  176  16:34  Hydralisk  
  176  16:38  Hydralisk  
Show
View Real Time Build Order
Export as new Build Order

thesextoy Protoss - Winner!

Build Orders: Phoenix Opening, Carriers 

Get SALT Encoding   

  1  0:00  Probe  
  12  0:05  Probe  
  14  0:15  Probe  
  15  0:27  Pylon  
  15  0:45  Probe  
  16  0:51  Gateway  
  16  0:52  Assimilator  
  16  0:57  Probe  
  16  0:59  Pylon  
  17  1:09  Probe  
  18  1:20  Pylon  
  18  1:21  Probe  
  19  1:33  Probe  
  19  1:39  Cybernetics Core  
  20  1:42  Gateway  
  20  1:45  Probe  
  21  1:57  Probe  
  22  2:05  Adept, Assimilator  
  22  2:11  Probe  
  25  2:24  Probe  
  26  2:31  Nexus  
  26  2:38  Shield Battery  
  26  2:52  Stargate  
  26  2:59  Pylon  
  26  3:01  Adept  
  28  3:06  Adept  
  30  3:16  Pylon  
  30  3:32  Forge  
  30  3:42  Probe  
  30  3:43  Probe  
  30  3:44  Protoss Air Weapons Level 1  
  32  3:51  Probe x2  
  34  3:59  Phoenix  
  34  4:00  Probe  
  37  4:12  Photon Cannon  
  37  4:14  Probe  
  37  4:17  Probe  
  37  4:22  Probe  
  39  4:30  Probe  
  41  4:32  Probe  
  41  4:36  Assimilator  
  42  4:42  Probe, Void Ray  
  42  4:44  Probe  
  48  4:53  Stargate  
  48  4:54  Probe  
  48  4:56  Probe  
  48  4:58  Photon Cannon  
  50  5:04  Pylon  
  50  5:12  Probe x2  
  52  5:16  Assimilator  
  52  5:23  Adept x2  
  52  5:24  Probe x2  
  58  5:37  Nexus  
  58  5:38  Pylon  
  58  5:47  Void Ray  
  62  5:56  Protoss Air Armor Level 1  
  62  6:06  Adept  
  62  6:07  Adept  
  62  6:10  Void Ray  
  70  6:20  Photon Cannon  
  70  6:21  Probe x2, Photon Cannon  
  70  6:24  Photon Cannon  
  72  6:26  Shield Battery  
  72  6:29  Shield Battery  
  72  6:32  Pylon  
  72  6:33  Probe  
  72  6:36  Pylon  
  73  6:45  Void Ray  
  77  6:57  Probe x3  
  80  7:09  Probe x3  
  80  7:14  Fleet Beacon  
  83  7:17  Photon Cannon, Pylon  
  83  7:21  Probe x2  
  83  7:22  Photon Cannon  
  85  7:27  Photon Cannon  
  85  7:30  Shield Battery  
  85  7:33  Shield Battery  
  85  7:34  Probe  
  85  7:35  Probe  
  85  7:36  Probe  
  88  7:46  Probe, Pylon  
  88  7:47  Probe  
  90  7:55  Carrier  
  90  7:58  Carrier  
  90  8:00  Probe, Assimilator  
  90  8:01  Probe x2  
  90  8:02  Assimilator  
  105  8:13  Probe  
  105  8:16  Protoss Air Weapons Level 2  
  105  8:18  Pylon  
  106  8:25  Shield Battery, Photon Cannon  
  104  8:39  Photon Cannon  
  75  9:16  Carrier x2  
  75  9:24  Pylon  
  75  9:28  Probe x2  
  87  9:31  Probe  
  87  9:36  Probe x2  
  90  9:40  Pylon  
  90  9:43  Probe  
  90  9:44  Photon Cannon  
  93  9:45  Probe  
  93  9:46  Photon Cannon  
  93  9:48  Mothership, Photon Cannon  
  93  9:49  Photon Cannon  
  94  9:53  Stargate  
  94  9:55  Stargate  
  102  10:04  Photon Cannon  
  102  10:06  Photon Cannon  
  102  10:08  Photon Cannon  
  102  10:11  Shield Battery, Probe x2  
  104  10:14  Shield Battery  
  104  10:23  Probe  
  105  10:30  Probe  
  107  10:35  Probe  
  108  10:42  Probe  
  108  10:47  Carrier  
  108  10:50  Carrier x3  
  132  11:05  Protoss Air Weapons Level 3  
  132  11:19  Nexus  
  121  11:42  Probe  
  121  11:43  Probe x2  
  124  11:50  Probe  
  124  11:51  Probe x2  
  124  11:57  Carrier  
  133  12:07  Pylon  
  133  12:14  Gateway  
  133  12:18  Photon Cannon  
  133  12:21  Carrier  
  133  12:22  Photon Cannon  
  133  12:25  Gateway, Probe, Carrier  
  140  12:31  Gateway  
  146  12:38  Pylon  
  146  12:44  Carrier  
  146  12:47  Probe x3  
  149  12:53  Pylon  
  149  12:54  Pylon  
  155  13:04  Probe  
  156  13:10  Probe x3  
  159  13:16  Probe  
  160  13:22  Probe x3  
  160  13:26  Photon Cannon  
  163  13:27  Photon Cannon  
  163  13:28  Probe  
  163  13:30  Gateway  
  163  13:31  Gateway  
  164  13:36  Shield Battery  
  164  13:37  Gateway  
  164  13:38  Probe  
  164  13:39  Probe x2  
  164  13:40  Probe  
  168  13:46  Carrier  
  174  13:54  Assimilator  
  174  13:58  Assimilator  
  174  13:59  Tempest  
  179  14:11  Pylon  
  179  14:14  Protoss Air Armor Level 2  
  179  14:16  Pylon  
  179  14:19  Pylon  
  179  14:29  Tempest  
  184  14:42  Photon Cannon  
  169  15:16  Pylon  
  169  15:18  Pylon  
  169  15:21  Pylon  
  169  15:34  Void Ray  
  169  15:35  Nexus  
  173  15:36  Void Ray x2, Pylon  
  173  15:39  Void Ray  
  185  16:17  Void Ray  
  189  16:19  Void Ray  
  197  16:39  Photon Cannon  
  197  16:41  Photon Cannon  
  197  16:43  Photon Cannon  
  197  16:45  Photon Cannon  
  197  16:48  Photon Cannon  
  197  16:50  Pylon  
Tags
 
Add a new tag
Caveats
  • Supply blocks, unpowered buildings, or Contaminate may cause inaccurate times.
  • Supply counts are checked every 10 seconds.